 Dungeon Crawl Stone Soup version 0.29.1-1-gd02db6906a (webtiles) character file.

Game seed: 15664155967037946959

1 Orsonium the Charlatan (level 1, -2/15 HPs)
             Began as a Demonspawn Artificer on Sept 21, 2022.
             Killed from afar by a dart slug (4 damage)
             ... with a slug dart
             ... on level 1 of the Dungeon.
             The game lasted 00:00:41 (136 turns).

Orsonium the Charlatan (Demonspawn Artificer)        Turns: 136, Time: 00:00:42

Health: -2/15      AC:  3    Str: 12    XL:     1   Next: 16%
Magic:  1/1        EV: 11    Int: 12    God:
Gold:   0          SH:  0    Dex: 13    Spells: 0/0 levels left

rFire   . . .      SeeInvis .   a - +0 club
rCold   . . .      Faith    .   (no shield)
rNeg    . . .      Spirit   .   b - +0 leather armour
rPois   .          Reflect  .   (no helmet)
rElec   .          Harm     .   (no cloak)
rCorr   .          Rampage  .   (no gloves)
Will    .....                   (no boots)
Stlth   +.........              (no amulet)
HPRegen 0.05/turn               (no ring)
MPRegen 0.07/turn               (no ring)

@: no status effects
A: no striking features
a: no special abilities


You were on level 1 of the Dungeon.
You visited 1 branch of the dungeon, and saw 1 of its levels.

Inventory:

Hand Weapons
 a - a +0 club (weapon)
Armour
 b - a +0 leather armour (worn)
Wands
 c - a wand of flame (15) (quivered)
 d - a wand of charming (15)
 e - a wand of iceblast (5)


   Skills:
 + Level 1.0 Fighting
 + Level 1.7 Armour
 + Level 0.8 Dodging
 + Level 0.8 Stealth
 + Level 3.1 Evocations


You couldn't memorise any spells.
You didn't know any spells.
Your spell library was empty.

Dungeon Overview and Level Annotations

Branches:
Dungeon (1/15)

Altars:


Message History

The dart slug is heavily wounded.
The dart slug launches a dart at you. The slug dart misses you.
You hit the dart slug.
The dart slug is heavily wounded.
The dart slug launches a dart at you. The slug dart hits you.
You hit the dart slug.
The dart slug is almost dead.
The dart slug bites you. The dart slug launches a dart at you.
The slug dart misses you. The dart slug launches a dart at you.
The slug dart misses you. The dart slug launches a dart at you.
The slug dart misses you.
Found a golden potion.
The dart slug launches a dart at you. The slug dart hits you.
Found a stone staircase leading down.
The dart slug briefly extends its eye-stalks.
The dart slug launches a dart at you. The slug dart misses you.
The dart slug bites you but does no damage.
The dart slug bites you but does no damage.
The dart slug misses you. The dart slug launches a dart at you.
The slug dart hits you.
* * * LOW HITPOINT WARNING * * *
The dart slug misses you. The dart slug barely misses you.
The dart slug bites you.
* * * LOW HITPOINT WARNING * * *
The dart slug completely misses you.
The dart slug bites you but does no damage.
The dart slug barely misses you. The dart slug completely misses you.
The dart slug launches a dart at you. The slug dart hits you.
You die...

#.####..##..##
#.........[..# ####
#######.##...# #.. #.#
.....!. #.# ####.#
####.## #.# #.....#
#.# #
#.##..#..####.###.#
#.#.....#..>...@....#
##.#.....##.####w#####
.........# #.#
.###....### #.#
#....#.. #.#
.###.#..#.# #.#
........#.# #.#
#..###.##.# #.# #.#
#.##.# #.#


You could see a dart slug.

Vanquished Creatures
  A bat (D:1)
1 creature vanquished.

Notes
Turn   | Place    | Note
-------+----------+-------------------------------------------
     0 | D:1      | Orsonium the Demonspawn Artificer began the quest for the
                  | Orb.
     0 | D:1      | Reached XP level 1. HP: 15/15 MP: 1/1
     2 | D:1      | Noticed a felid
     2 | D:1      | Noticed a demigod
     4 | D:1      | Noticed a vampire
     6 | D:1      | Noticed a ghoul
     6 | D:1      | Noticed a tengu
     8 | D:1      | Noticed a naga
     8 | D:1      | Noticed a minotaur
    10 | D:1      | Noticed a gargoyle
    12 | D:1      | Noticed a troll
    12 | D:1      | Noticed a vine stalker
    14 | D:1      | Noticed a human
    14 | D:1      | Noticed a meteoran
    16 | D:1      | Noticed an ogre
    16 | D:1      | Noticed a draconian
    18 | D:1      | Noticed a palentonga
    18 | D:1      | Noticed an octopode
    20 | D:1      | Noticed a spriggan
    22 | D:1      | Noticed an elf
    22 | D:1      | Noticed a merfolk
    24 | D:1      | Noticed a merfolk
    24 | D:1      | Noticed a demonspawn
    26 | D:1      | Noticed a draconian
    26 | D:1      | Noticed an elf
   136 | D:1      | Killed from afar by a dart slug

Illustrated notes

Levels and vault maps discovered:
D:1:      kb_arrival_jail, layout_loops_ring

Action                   || total
-------------------------++-------
Melee: Club              ||    12
Armor: Leather armour    ||    32
Dodge: Dodged            ||    47
